RL
BAYOU VOODOO @ ELKTON GENERALS
04/17/2060
 
TOP OF THE 1ST
Niagara Falls Rapids batting - Pitching for Santa Monica Tropical Fish : RHP Devin Downs
Pitching: RHP Devin Downs
Batting: RHB Darion Johnson 0-0: Called Strike
0-1: Ball
1-1: Swinging Strike
1-2: Ball
2-2: Ground out 4-3 (Groundball, 4, EV 80.6 MPH)
Batting: RHB Max Blum 0-0: Ball
1-0: Ground out 6-3 (Groundball, 6M, EV 98.1 MPH)
Batting: RHB Kyle Motyka 0-0: Ball
1-0: Foul Ball, location: 2F
1-1: Called Strike
1-2: Fly out, F7 (Line Drive, 7S, EV 96.2 MPH)
Top of the 1st over - 0 runs, 0 hits, 0 errors, 0 left on base; Niagara Falls 0 - Santa Monica 0
BOTTOM OF THE 1ST
Santa Monica Tropical Fish batting - Pitching for Niagara Falls Rapids : RHP Chase Knudson
Pitching: RHP Chase Knudson
Batting: RHB Logan Kedzie 0-0: Called Strike
0-1: Ball
1-1: Ball
2-1: Ground out 4-3 (Groundball, 4, EV 93.1 MPH)
Batting: RHB Seth Dasenbrock 0-0: Ball
1-0: Reached on error, E6 (Groundball, 56, EV 88.8 MPH)
Batting: RHB Gaven Patterson 0-0: Ball
1-0: Foul Ball, location: 2F
1-1: Foul Ball, location: 2F
1-2: SINGLE (Groundball, 56D, EV 110.6 MPH)
Seth Dasenbrock to third
Batting: LHB Troy Peek 0-0: Called Strike
0-1: Ball
1-1: Swinging Strike
1-2: Ball
2-2: Foul Ball, location: 2F
2-2: Ball
3-2: Foul Ball, location: 2F
3-2: Base on Balls
Gaven Patterson to second
Batting: LHB Lance Collins 0-0: Called Strike
0-1: Called Strike
0-2: Strikes out swinging
Batting: LHB Archie Andrade 0-0: Ball
1-0: Swinging Strike
1-1: Called Strike
1-2: Strikes out swinging
Bottom of the 1st over - 0 runs, 1 hit, 1 error, 3 left on base; Niagara Falls 0 - Santa Monica 0
TOP OF THE 2ND
Niagara Falls Rapids batting - Pitching for Santa Monica Tropical Fish : RHP Devin Downs
Batting: LHB Evan Dollar 0-0: Called Strike
0-1: Ball
1-1: Called Strike
1-2: Ball
2-2: Foul Ball, location: 2F
2-2: SOLO HOME RUN (Flyball, 7D, EV 107.5 MPH), Distance : 410 ft
Batting: SHB Dustin Gaspard 0-0: Ball
1-0: Ball
2-0: Ball
3-0: Called Strike
3-1: Base on Balls
Batting: LHB Otis Tenorio 0-0: Called Strike
0-1: Ball
Dustin Gaspard is caught stealing 2nd base 2-6
1-1: Foul Ball, location: 2F
1-2: Ball
2-2: Ball
3-2: Foul Ball, location: 2F
3-2: SINGLE (Flyball, 8LS, EV 95.0 MPH)
Batting: RHB Hayden Jeffus 0-0: Ball
1-0: Ball
2-0: Foul Ball, location: 2F
2-1: Ball
3-1: Base on Balls
Otis Tenorio to second
Batting: RHB Sean Hootman 0-0: Ball
Otis Tenorio is caught stealing 3rd base 2-5
Hayden Jeffus to second
1-0: Ball
2-0: Ball
3-0: Called Strike
3-1: Base on Balls
Batting: LHB Roy Nelson 0-0: Fly out, F9 (Flyball, 9D, EV 79.4 MPH)
Top of the 2nd over - 1 run, 2 hits, 0 errors, 2 left on base; Niagara Falls 1 - Santa Monica 0
BOTTOM OF THE 2ND
Santa Monica Tropical Fish batting - Pitching for Niagara Falls Rapids : RHP Chase Knudson
Batting: LHB Brent Basco 0-0: Ball
1-0: Called Strike
1-1: Swinging Strike
1-2: Strikes out swinging
Batting: RHB Kaden Heck 0-0: Ground out 6-3 (Groundball, 6S, EV 71.9 MPH)
Batting: SHB Trigger Sahnine 0-0: Called Strike
0-1: Foul Ball, location: 2F
0-2: Strikes out swinging
Bottom of the 2nd over - 0 runs, 0 hits, 0 errors, 0 left on base; Niagara Falls 1 - Santa Monica 0
TOP OF THE 3RD
Niagara Falls Rapids batting - Pitching for Santa Monica Tropical Fish : RHP Devin Downs
Batting: RHB Darion Johnson 0-0: Ball
1-0: Called Strike
1-1: Foul Ball, location: 2F
1-2: SINGLE (Groundball, 4MD, EV 97.5 MPH)
Batting: RHB Max Blum 0-0: Foul Ball, location: 2F
0-1: Swinging Strike
0-2: Strikes out looking
Batting: RHB Kyle Motyka 0-0: Ball
1-0: Ball
2-0: Swinging Strike
2-1: Foul Ball, location: 2F
2-2: Strikes out swinging
Batting: LHB Evan Dollar 0-0: Called Strike
0-1: Foul Ball, location: 2F
0-2: Ball
Darion Johnson is caught stealing 2nd base 2-6
Top of the 3rd over - 0 runs, 1 hit, 0 errors, 0 left on base; Niagara Falls 1 - Santa Monica 0
BOTTOM OF THE 3RD
Santa Monica Tropical Fish batting - Pitching for Niagara Falls Rapids : RHP Chase Knudson
Batting: RHB Logan Kedzie 0-0: Fly out, F7 (Flyball, 7, EV 80.6 MPH)
Batting: RHB Seth Dasenbrock 0-0: DOUBLE (Flyball, 9LD, EV 110.6 MPH)
Batting: RHB Gaven Patterson 0-0: Ball
1-0: Called Strike
1-1: Ball
2-1: Fly out, F7 (Line Drive, 7S, EV 96.2 MPH)
Batting: LHB Troy Peek 0-0: Ball
1-0: Ball
2-0: Ball
3-0: Base on Balls
Batting: LHB Lance Collins 0-0: 3-RUN HOME RUN (Flyball, 89XD, EV 105.6 MPH), Distance : 392 ft
Batting: LHB Archie Andrade 0-0: Called Strike
0-1: SOLO HOME RUN (Flyball, 89XD, EV 108.1 MPH), Distance : 430 ft
Batting: LHB Brent Basco 0-0: Called Strike
0-1: Ball
1-1: Ground out 6-3 (Groundball, 6, EV 81.2 MPH)
Bottom of the 3rd over - 4 runs, 3 hits, 0 errors, 0 left on base; Niagara Falls 1 - Santa Monica 4
TOP OF THE 4TH
Niagara Falls Rapids batting - Pitching for Santa Monica Tropical Fish : RHP Devin Downs
Batting: LHB Evan Dollar 0-0: Ball
1-0: Called Strike
1-1: Foul Ball, location: 2F
1-2: Ball
2-2: Foul Ball, location: 2F
2-2: Ball
3-2: Base on Balls
Batting: SHB Dustin Gaspard 0-0: DOUBLE (Line Drive, 78D, EV 110.6 MPH)
Evan Dollar to third
Batting: LHB Otis Tenorio 0-0: Ball
1-0: Called Strike
1-1: Swinging Strike
1-2: Ball
2-2: Ball
3-2: Base on Balls
Batting: RHB Hayden Jeffus 0-0: Ball
1-0: Ball
2-0: Foul Ball, location: 2F
2-1: Ball
3-1: Foul Ball, location: 2F
3-2: Base on Balls
Evan Dollar scores
Dustin Gaspard to third
Otis Tenorio to second
Batting: RHB Sean Hootman 0-0: Swinging Strike
0-1: Ball
1-1: Foul Ball, location: 2F
1-2: Foul Ball, location: 2F
1-2: Ball
2-2: GRAND SLAM HOME RUN (Flyball, 7D, EV 96.9 MPH), Distance : 388 ft
Pitching: RHP Braydon Maina
Batting: LHB Roy Nelson 0-0: Called Strike
0-1: Ground out U3 (Groundball, 34S, EV 83.8 MPH)
Batting: RHB Darion Johnson 0-0: Ball
1-0: Called Strike
1-1: Ball
2-1: Ball
3-1: Base on Balls
Batting: RHB Max Blum 0-0: Ball
Darion Johnson is caught stealing 2nd base 2-4
1-0: Foul Ball, location: 2F
1-1: Ball
2-1: Ground out 6-3 (Groundball, 6, EV 105.6 MPH)
Top of the 4th over - 5 runs, 2 hits, 0 errors, 0 left on base; Niagara Falls 6 - Santa Monica 4
BOTTOM OF THE 4TH
Santa Monica Tropical Fish batting - Pitching for Niagara Falls Rapids : RHP Chase Knudson
Batting: RHB Kaden Heck 0-0: Called Strike
0-1: DOUBLE (Line Drive, 89D, EV 98.8 MPH)
Batting: SHB Trigger Sahnine 0-0: Hit by Pitch
Batting: RHB Logan Kedzie 0-0: Ball
1-0: 3-RUN HOME RUN (Flyball, 78XD, EV 111.9 MPH), Distance : 417 ft
Pitching: RHP Harrison Crosby
Batting: RHB Seth Dasenbrock 0-0: Fly out, F9 (Flyball, 89M, EV 83.8 MPH)
Batting: RHB Gaven Patterson 0-0: Called Strike
0-1: Ball
1-1: Called Strike
1-2: Foul Ball, location: 2F
1-2: Ball
2-2: Ball
3-2: Fly out, F8 (Flyball, 8LM, EV 83.8 MPH)
Batting: LHB Troy Peek 0-0: Called Strike
0-1: Ball
1-1: Ball
2-1: Foul Ball, location: 2F
2-2: Ball
3-2: SINGLE (Groundball, 3S, EV 73.1 MPH) (infield hit)
Batting: LHB Lance Collins 0-0: Ball
1-0: Ball
2-0: Ball
3-0: Called Strike
3-1: Base on Balls
Troy Peek to second
Batting: LHB Archie Andrade 0-0: Ball
1-0: Foul Ball, location: 2F
1-1: Foul Ball, location: 2F
1-2: Strikes out swinging
Bottom of the 4th over - 3 runs, 3 hits, 0 errors, 2 left on base; Niagara Falls 6 - Santa Monica 7
TOP OF THE 5TH
Niagara Falls Rapids batting - Pitching for Santa Monica Tropical Fish : RHP Braydon Maina
Batting: RHB Kyle Motyka 0-0: Foul Ball, location: 2F
0-1: Fly out, F9 (Line Drive, 9LS, EV 90.6 MPH)
Batting: LHB Evan Dollar 0-0: Ball
1-0: SOLO HOME RUN (Flyball, 9D, EV 96.9 MPH), Distance : 374 ft
Batting: SHB Dustin Gaspard 0-0: Ball
1-0: Ball
2-0: Swinging Strike
2-1: Ball
3-1: Swinging Strike
3-2: Strikes out swinging
Batting: LHB Otis Tenorio 0-0: Ball
1-0: Ball
2-0: Ground out U3 (Groundball, 3, EV 91.2 MPH)
Top of the 5th over - 1 run, 1 hit, 0 errors, 0 left on base; Niagara Falls 7 - Santa Monica 7
BOTTOM OF THE 5TH
Santa Monica Tropical Fish batting - Pitching for Niagara Falls Rapids : RHP Harrison Crosby
Batting: LHB Brent Basco 0-0: Called Strike
0-1: Ball
1-1: Swinging Strike
1-2: Foul Ball, location: 2F
1-2: Ball
2-2: Foul Ball, location: 2F
2-2: Strikes out swinging
Batting: RHB Kaden Heck 0-0: SINGLE (Line Drive, 8RS, EV 109.4 MPH)
Batting: SHB Trigger Sahnine 0-0: Ball
1-0: Grounds into double play, 6-4-3 (Groundball, 6, EV 96.9 MPH)
Bottom of the 5th over - 0 runs, 1 hit, 0 errors, 0 left on base; Niagara Falls 7 - Santa Monica 7
TOP OF THE 6TH
Niagara Falls Rapids batting - Pitching for Santa Monica Tropical Fish : RHP Braydon Maina
Batting: RHB Hayden Jeffus 0-0: Foul Ball, location: 2F
0-1: Ball
1-1: Ball
2-1: Called Strike
2-2: Ball
3-2: Foul Ball, location: 2F
3-2: Base on Balls
Batting: RHB Sean Hootman 0-0: Sac Bunt to P - play at first, batter OUT! 1-3
Hayden Jeffus to second
Batting: LHB Roy Nelson 0-0: Ball
1-0: Foul Ball, location: 2F
1-1: Fly out, F8 (Flyball, 8RXD, EV 98.1 MPH)
Runner from 2nd tags up, SAFE at 3rd, no throw by CF
Batting: RHB Darion Johnson 0-0: Called Strike
0-1: Ball
1-1: Called Strike
1-2: Ball
2-2: Ball
3-2: Base on Balls
Batting: RHB Max Blum 0-0: Ball
1-0: Fly out, F9 (Line Drive, 9S, EV 106.9 MPH)
Top of the 6th over - 0 runs, 0 hits, 0 errors, 2 left on base; Niagara Falls 7 - Santa Monica 7
BOTTOM OF THE 6TH
Santa Monica Tropical Fish batting - Pitching for Niagara Falls Rapids : RHP Harrison Crosby
Batting: RHB Logan Kedzie 0-0: Swinging Strike
0-1: Ball
1-1: Ball
2-1: Ground out 5-3 (Groundball, 56, EV 80.6 MPH)
Batting: RHB Seth Dasenbrock 0-0: Ball
1-0: Swinging Strike
1-1: Called Strike
1-2: Foul Ball, location: 2F
1-2: Strikes out looking
Batting: RHB Gaven Patterson 0-0: Foul Ball, location: 2F
0-1: Called Strike
0-2: Ball
1-2: Ball
2-2: Ball
3-2: Strikes out looking
Bottom of the 6th over - 0 runs, 0 hits, 0 errors, 0 left on base; Niagara Falls 7 - Santa Monica 7
TOP OF THE 7TH
Niagara Falls Rapids batting - Pitching for Santa Monica Tropical Fish : RHP Braydon Maina
Batting: RHB Kyle Motyka 0-0: Ball
1-0: DOUBLE (Line Drive, 7LM, EV 93.1 MPH)
Batting: LHB Evan Dollar 0-0: Intentional Walk
Batting: SHB Dustin Gaspard 0-0: Called Strike
0-1: SINGLE (Line Drive, 56D, EV 95.0 MPH)
Kyle Motyka to third
Evan Dollar to second
Batting: LHB Otis Tenorio 0-0: Ball
1-0: Ball
2-0: Foul Ball, location: 2F
2-1: TRIPLE (Flyball, 8LXD, EV 94.4 MPH)
Kyle Motyka scores
Evan Dollar scores
Dustin Gaspard scores
Batting: RHB Hayden Jeffus 0-0: Intentional Walk
Pitching: RHP Cory Fidler
Batting: RHB Sean Hootman 0-0: Ball
Wild Pitch!
Otis Tenorio scores
Hayden Jeffus to second
1-0: Ground out 1-3 (Groundball, 15S, EV 74.4 MPH)
Batting: LHB Roy Nelson 0-0: Fly out, F8 (Flyball, 89XD, EV 100.0 MPH)
Runner from 2nd tags up, SAFE at 3rd, no throw by CF
Batting: RHB Darion Johnson 0-0: Ball
1-0: Ball
2-0: Foul Ball, location: 2F
2-1: Reached on error, E5 (Groundball, 56S, EV 72.5 MPH)
Hayden Jeffus scores
Batting: RHB Max Blum 0-0: Ball
1-0: Ground out 4-3 (Groundball, 4, EV 84.4 MPH)
Top of the 7th over - 5 runs, 3 hits, 1 error, 1 left on base; Niagara Falls 12 - Santa Monica 7
BOTTOM OF THE 7TH
Santa Monica Tropical Fish batting - Pitching for Niagara Falls Rapids : RHP Harrison Crosby
Batting: LHB Troy Peek 0-0: Called Strike
0-1: Ball
1-1: Fly out, F7 (Flyball, 7, EV 93.1 MPH)
Batting: LHB Lance Collins 0-0: Ball
1-0: Called Strike
1-1: Ball
2-1: Ball
3-1: Foul Ball, location: 2F
3-2: Strikes out swinging
Batting: LHB Archie Andrade 0-0: Ball
1-0: Called Strike
1-1: Fly out, F9 (Line Drive, 9, EV 91.9 MPH)
Bottom of the 7th over - 0 runs, 0 hits, 0 errors, 0 left on base; Niagara Falls 12 - Santa Monica 7
TOP OF THE 8TH
Niagara Falls Rapids batting - Pitching for Santa Monica Tropical Fish : RHP Cory Fidler
DELAY Rain delay of 38 minutes in the 8th inning.
Batting: RHB Kyle Motyka 0-0: Ball
1-0: Foul Ball, location: 2F
1-1: Fly out, F6 (Popup, 6M, EV 71.2 MPH)
Batting: LHB Evan Dollar 0-0: Swinging Strike
0-1: Foul Ball, location: 2F
0-2: Ball
1-2: Strikes out looking
Batting: SHB Dustin Gaspard 0-0: Foul Ball, location: 2F
0-1: Swinging Strike
0-2: Ball
1-2: Strikes out swinging, 2-3 out at first.
Top of the 8th over - 0 runs, 0 hits, 0 errors, 0 left on base; Niagara Falls 12 - Santa Monica 7
BOTTOM OF THE 8TH
Santa Monica Tropical Fish batting - Pitching for Niagara Falls Rapids : RHP Harrison Crosby
Batting: LHB Brent Basco 0-0: Ball
1-0: Ball
2-0: Fly out, F8 (Flyball, 78M, EV 89.4 MPH)
Pinch Hitting: RHB Chuck Toney 0-0: Ball
1-0: Ball
2-0: Ball
3-0: Base on Balls
Pitching: RHP Shawn Finch
Batting: SHB Trigger Sahnine 0-0: Ball
1-0: Ball
2-0: Called Strike
2-1: Called Strike
2-2: Ball
3-2: SINGLE (Groundball, 56D, EV 107.5 MPH)
Chuck Toney to second
Batting: RHB Logan Kedzie 0-0: DOUBLE (Line Drive, 7LS, EV 100.6 MPH)
Chuck Toney scores
Trigger Sahnine to third
Pinch Hitting: LHB Tang Godherdzeshvili 0-0: Ball
1-0: Ball
2-0: Foul Ball, location: 2F
2-1: Ball
3-1: Called Strike
3-2: Base on Balls
Batting: RHB Gaven Patterson 0-0: Called Strike
0-1: Called Strike
0-2: Strikes out swinging
Pitching: LHP Pres Gou
Batting: LHB Troy Peek 0-0: Ball
1-0: Ball
2-0: Called Strike
2-1: Swinging Strike
2-2: Ball
3-2: Base on Balls
Trigger Sahnine scores
Logan Kedzie to third
Tang Godherdzeshvili to second
Pinch Hitting: RHB Avery Herring 0-0: Foul Ball, location: 2F
0-1: Ball
1-1: Ball
2-1: Fly out, F6 (Line Drive, 56D, EV 62.5 MPH)
Bottom of the 8th over - 2 runs, 2 hits, 0 errors, 3 left on base; Niagara Falls 12 - Santa Monica 9
TOP OF THE 9TH
Niagara Falls Rapids batting - Pitching for Santa Monica Tropical Fish : RHP Cory Fidler
Now at 2B: Avery Herring
Now at 3B: Trigger Sahnine
Now in LF: Tang Godherdzeshvili
Now in RF: Chuck Toney
Batting: LHB Otis Tenorio 0-0: Ball
1-0: Ball
2-0: Ball
3-0: Base on Balls
Batting: RHB Hayden Jeffus 0-0: Ball
1-0: Bunt - Flyout to 5S! F5
Pitching: RHP Alonzo Burnett
Batting: RHB Sean Hootman 0-0: Called Strike
0-1: Called Strike
Otis Tenorio is caught stealing 2nd base 2-4
0-2: Strikes out swinging
Top of the 9th over - 0 runs, 0 hits, 0 errors, 0 left on base; Niagara Falls 12 - Santa Monica 9
BOTTOM OF THE 9TH
Santa Monica Tropical Fish batting - Pitching for Niagara Falls Rapids : LHP Pres Gou
Pitching: RHP Shawn Watson
Batting: LHB Archie Andrade 0-0: Foul Ball, location: 2F
0-1: Fly out, F7 (Flyball, 7D, EV 90.0 MPH)
Batting: LHB Brent Basco 0-0: Ball
1-0: Ball
2-0: Foul Ball, location: 2F
2-1: Foul Ball, location: 2F
2-2: Foul Ball, location: 2F
2-2: Ball
3-2: Strikes out swinging
Batting: RHB Chuck Toney 0-0: Ball
1-0: Called Strike
1-1: Called Strike
1-2: Ball
2-2: Fly out, F5 (Line Drive, 5, EV 73.8 MPH)
Bottom of the 9th over - 0 runs, 0 hits, 0 errors, 0 left on base; Niagara Falls 12 - Santa Monica 9
Monday, April 29th , 2024 - OOTP Baseball 23.10 Build 110